 Dungeon Crawl Stone Soup version 0.30-a0-457-g4b7bca3bfa (webtiles) character file.

Game seed: 12835374944304037879

782 ryw the Changer (level 7, -1/46 HPs)
             Began as an Octopode Transmuter on Dec 13, 2022.
             Splashed by a jelly's acid (6 damage)
             ... on level 5 of the Dungeon.
             The game lasted 00:13:28 (6036 turns).

ryw the Changer (Octopode Transmuter)               Turns: 6036, Time: 00:13:29

Health: -1/46      AC: -10   Str:  9    XL:     7   Next: 86%
Magic:  9/10       EV: 19    Int: 18    God:
Gold:   243        SH:  0    Dex: 17    Spells: 1/11 levels left

rFire   . . .      SeeInvis .      - Unarmed
rCold   + . .      Faith    .    (shield currently unavailable)
rNeg    . . .      Spirit   .    (helmet currently unavailable)
rPois   x          Reflect  .    (no amulet)
rElec   .          Harm     .    e - +4 ring of protection
rCorr   .          Rampage  .    p - ring of protection from cold
Will    .....                    (no ring)
Stlth   ++........               (no ring)
HPRegen 0.27/turn                (no ring)
MPRegen 0.12/turn                (no ring)
                                 (no ring)
                                 (no ring)

@: spider-form (expiring), corroded
A: venomous fangs, almost no armour, (amphibious), 8 rings, tiny, (camouflage
1), (gelatinous body 1), (nimble swimmer 1), (tentacles)
a: End Transformation


You were on level 5 of the Dungeon.
You were a venomous arachnid creature.
You visited 1 branch of the dungeon, and saw 5 of its levels.

You collected 243 gold pieces.

Inventory:

Missiles
 o - 6 curare-tipped darts
Armour
 k - a +1 hat (melded)
Jewellery
 e - a +4 ring of protection (left front leg)
 p - a ring of protection from cold (right front leg)
Wands
 m - a wand of light (5)
Scrolls
 c - a scroll of enchant weapon {unknown}
 f - 3 scrolls of teleportation {unknown}
 h - a scroll of fog {unknown}
 j - 4 scrolls of identify
 l - a scroll of amnesia {unknown}
 n - a scroll of immolation {unknown}
Potions
 a - a potion of lignification
 b - 5 potions of curing
 d - 2 potions of heal wounds
 g - 2 potions of flight
 i - 2 potions of magic {unknown}


   Skills:
 - Level 3.0 Fighting
 - Level 2.0 Dodging
 - Level 2.0 Stealth
 + Level 4.7 Unarmed Combat
 - Level 2.5 Spellcasting
 + Level 5.5 Transmutations
 + Level 2.2 Ice Magic
 - Level 3.0 Poison Magic


You had one spell level left.
You knew the following spells:

 Your Spells              Type           Power      Damage    Failure   Level
a - Beastly Appendage     Tmut           44%        N/A       8%          1
b - Wereblood             Tmut           22%        N/A       10%         2
c - Spider Form           Tmut/Pois      17%        N/A       22%         3
d - Ice Form              Ice/Tmut       16%        N/A       56%         4

Your spell library contained the following spells:

 Spells                   Type           Power      Damage    Failure   Level
 Summon Small Mammal      Summ           8%         N/A       36%         1
 Poisonous Vapours        Pois/Air       14%        N/A       32%         2
 Cigotuvi's Dreadful Rot  Necr/Pois/Air  10%        N/A       36%         2
 Mephitic Cloud           Conj/Pois/Air  5%         N/A       56%         3
 Call Canine Familiar     Summ           2%         N/A       67%         3
 Summon Guardian Golem    Hex/Summ       2%         N/A       67%         3


Dungeon Overview and Level Annotations

Branches:
Dungeon (5/15)
 Temple: D:4-7

Altars:
Elyvilon

Shops:
D:1 !   D:3 [


Innate Abilities, Weirdness & Mutations

You are a venomous arachnid creature.
You have poisonous fangs.
You are tiny and dextrous.
Your spellcasting is less reliable in this form.
Your armour is entirely melded.
You are incapable of wielding weapons or throwing items.
You cannot wear most types of armour.
((You are amphibious.))
You can wear up to eight rings at the same time.
((Your skin changes colour to match your surroundings (Stealth+).))
((Your rubbery body absorbs attacks. (AC +1, EV +1)))
((You are camouflaged when in or above water. (Stealth+)))
((You have tentacles for arms and can constrict up to eight enemies at once.))


Message History

The white imp hits you. The white imp freezes you. You resist.
You completely miss the white imp.
The white imp is moderately wounded.
The white imp hits you but does no damage.
You hit the white imp but do no damage.
The white imp is moderately wounded.
You hit the white imp.
The white imp looks as sick as possible!
The white imp is severely wounded.
The white imp gestures at you. The puff of frost hits you. You resist.
You hit the white imp.
You kill the white imp!
A jelly comes into view.
Found 5 stones.
No target in view!
No target in view!
No target in view!
A jelly is nearby!
The jelly quivers.
You hit the jelly.
Your front legs burn!
The jelly is lightly wounded.
The jelly hits you. The acid corrodes you!
You are splashed with acid!
You are too injured to fight recklessly!
You are too injured to fight recklessly!
You are too injured to fight recklessly!
You are too injured to fight recklessly!
You hit the jelly.
Your front legs burn!
The jelly is moderately wounded.
Your transformation is almost over.
The jelly hits you. The acid corrodes you!
You are splashed with acid!
* * * LOW HITPOINT WARNING * * *
You hit the jelly but do no damage. The acid corrodes you!
Your front legs burn!
* * * LOW HITPOINT WARNING * * *
The jelly is moderately wounded.
The jelly hits you.
* * * LOW HITPOINT WARNING * * *
The acid corrodes you!
You are splashed with acid.
You die...

..##≈~~# #))# ~~# #))# ##
##### #..# ...... .(. #..#
....# ...### #..## ...
...... ##..#
####.####..... ~#..##
#....J........ ≈##..#
#....s.....# ~≈#..#
#...<.....$#
~≈#..#######..........####
~≈#.)#....................
~##..#.########..####.....
~#..##.# #.[# .... #))##.#
#..# ... #))##.########.^#
#...............#


You could see a jelly.

Vanquished Creatures
  Eustachio (D:4)
  A black bear (D:2)
  2 kobold brigands (D:5)
  A scorpion (D:4)
  A hound (D:4)
  A jelly (D:4)
  2 orc priests
  An iguana (D:4)
  Natasha (D:2)
  Robin (D:3)
  4 adders
  A white imp (D:5)
  3 dart slugs
  14 orcs
  7 endoplasms
  A giant cockroach (D:1)
  23 goblins
  11 hobgoblins
  6 jackals
  6 quokkas
  2 ball pythons
  6 bats
  4 frilled lizards
  22 kobolds
  8 rats
130 creatures vanquished.

Vanquished Creatures (others)
  A plant (D:3)
1 creature vanquished.

Grand Total: 131 creatures vanquished

Notes
Turn   | Place    | Note
-------+----------+-------------------------------------------
     0 | D:1      | ryw the Octopode Transmuter began the quest for the Orb.
     0 | D:1      | Reached XP level 1. HP: 13/13 MP: 3/3
   196 | D:1      | Reached XP level 2. HP: 17/18 MP: 3/5
   289 | D:1      | Learned a level 2 spell: Wereblood
   294 | D:1      | Found Zetol's Distillery.
   538 | D:1      | Reached XP level 3. HP: 19/23 MP: 6/6
   546 | D:1      | Learned a level 3 spell: Spider Form
   776 | D:1      | Reached skill level 3 in Transmutations
   800 | D:1      | Reached skill level 1 in Stealth
  1166 | D:2      | Noticed a black bear
  1488 | D:2      | Reached XP level 4. HP: 26/28 MP: 7/7
  1574 | D:2      | Noticed Natasha
  2115 | D:3      | Identified the +1 robe of Liberty {rF- Str+8 Int+4}
  2144 | D:3      | Noticed Robin
  2173 | D:2      | Reached skill level 1 in Poison Magic
  2353 | D:3      | Killed Robin
  2585 | D:2      | Killed a black bear
  2586 | D:2      | Reached skill level 4 in Transmutations
  2586 | D:2      | Reached XP level 5. HP: 7/33 MP: 5/8
  2869 | D:2      | Killed Natasha
  3099 | D:2      | Reached XP level 6. HP: 37/38 MP: 6/9
  3730 | D:3      | Found Vestoqic's Armour Emporium.
  3811 | D:3      | Reached skill level 5 in Transmutations
  4784 | D:3      | Learned a level 4 spell: Ice Form
  4952 | D:4      | Noticed Eustachio
  4989 | D:4      | Killed Eustachio
  5096 | D:4      | Reached XP level 7. HP: 45/45 MP: 7/10
  5271 | D:4      | Reached skill level 1 in Ice Magic
  5506 | D:4      | Found a white marble altar of Elyvilon.
  5814 | D:5      | Entered Level 5 of the Dungeon
  6036 | D:5      | Splashed by a jelly's acid

Illustrated notes

Levels and vault maps discovered:
D:1:      dpeg_cavernosity, layout_basic, serial_shops,
          nicolae_shop_hallway_stairs, dk_noncrumbling_4, moated_statue
D:2:      cheibrodos_greedy_goblins, layout_basic, uniq_natasha
D:3:      layout_loops_corners, serial_shops,
          nicolae_shop_competitors_out_of_business, serial_forest,
          infiniplex_forest_clump_small, infiniplex_forest_lined_4_way,
          infiniplex_forest_lined_room_2, infiniplex_forest_clump_small,
          infiniplex_forest_clump_long, minmay_quadrilaterals, uniq_robin
D:4:      nicolae_BIG_FREAKIN_CUBE, layout_layer_cave, elyvilon_altar_4,
          uniq_eustachio
D:5:      cheibrodos_thug_alley, layout_basic, bloody_makhleb,
          general_overflow_altar, uniq_edmund, uniq_grinder

Skill      XL: |  1  2  3  4  5  6  7 |
---------------+----------------------+-----
Transmutations | 3 4 5 |  5.5
Stealth        | 1 2 |  2.0
Poison Magic   | 3 |  3.0
Fighting       | 2 3 |  3.0
Unarmed Combat | 4 |  4.7
Ice Magic      | 2 |  2.2
Dodging        | |  2.0
Spellcasting   | |  2.5

Action                   |  1- 3 |  4- 6 |  7- 9 || total
-------------------------+-------+-------+-------++-------
Melee: Unarmed           |    83 |   170 |    87 ||   340
       Kick              |    21 |     5 |       ||    26
       Constrict         |    20 |     9 |     3 ||    32
       Punch             |     2 |       |       ||     2
       Tentacles         |     9 |     2 |     3 ||    14
 Cast: Beastly Appendage |    28 |     9 |       ||    37
       Spider Form       |       |    27 |    10 ||    37
  Use: Scroll            |     3 |     1 |       ||     4
       Potion            |       |     1 |       ||     1
 Stab: Sleeping          |     9 |     1 |     1 ||    11
Armor: Skin              |     3 |    26 |    19 ||    48
Dodge: Dodged            |    45 |   165 |    61 ||   271

Table legend: (Time is in decaauts)
 A = Elapsed time spent in this place.
 B = Non-inter-level travel time spent in this place.
 C = Inter-level travel time spent in this place.
 D = Time resting spent in this place.
 E = Time spent auto-exploring this place.
 F = Levels seen in this place.
 G = Mean time per level.
                   A        B        C        D        E       F      G
               +--------+--------+--------+--------+--------+-----+--------+
         Total |   6039 |   5517 |    522 |    594 |   3614 |   5 | 1207.8 |
       Dungeon |   6039 |   5517 |    522 |    594 |   3614 |   5 | 1207.8 |
               +--------+--------+--------+--------+--------+-----+--------+

Top non-repeatable levels by time:
     D:2: 1930 daAuts
     D:3: 1481 daAuts
     D:1: 1387 daAuts
     D:4: 1023 daAuts
     D:5: 217 daAuts
